 Dungeon Crawl Stone Soup version 0.19-a0-1732-g0b18a7b (webtiles) character file.

521 Amnesiac the Sneak (level 7, 0/36 HPs)
             Began as a Deep Elf Earth Elementalist on Sept 30, 2016.
             Slain by a bullfrog zombie (2 damage)
             ... on level 5 of the Dungeon.
             The game lasted 00:06:38 (3332 turns).

Amnesiac the Sneak (Deep Elf Earth Elementalist)    Turns: 3332, Time: 00:06:39

Health: 0/36       AC:  5    Str:  8 (10) XL:     7   Next: 1%
Magic:  1/15       EV: 18    Int: 18 (20) God:
Gold:   75         SH:  0    Dex: 21 (22) Spells: 3 memorised, 7 levels left

rFire  . . .     SeeInvis .     w - +0 dagger (venom)
rCold  + . .     Gourm    .     k - +1 animal skin
rNeg   . . .     Faith    .     (no shield)
rPois  .         Spirit   .     o - +0 helmet
rElec  .         Dismiss  .     p - +0 cloak (curse)
rCorr  .         Reflect  .     (no gloves)
MR     .....     Harm     .     (no boots)
Stlth  ++++......               (no amulet)
                                (no ring)
                                r - ring of protection from cold

@: mighty, agile, very slightly contaminated
A: no striking features
a: no special abilities


You were on level 5 of the Dungeon.
You were very hungry.

You visited 1 branch of the dungeon, and saw 5 of its levels.

You collected 75 gold pieces.

Inventory:

Hand Weapons
 w - a +0 dagger of venom (weapon)
Missiles
 n - 25 stones (quivered)
Armour
 k - a +1 animal skin (worn)
 o - a +0 helmet (worn)
 p - a cursed +0 cloak (worn)
Jewellery
 r - a ring of protection from cold (left hand)
Scrolls
 a - 3 scrolls of enchant armour {unknown}
 f - 2 scrolls of remove curse {unknown}
 h - 3 scrolls of recharging {unknown}
 l - 3 scrolls of identify {unknown}
 q - a scroll of magic mapping {unknown}
Books
 e - a book of Geomancy

   Spells                             Type                      Level
   a - Sandblast                      Earth                        1
   b - Passwall                       Transmutation/Earth          2
   c - Stone Arrow                    Conjuration/Earth            3
   d - Petrify                        Transmutation/Earth          4
   e - Lee's Rapid Deconstruction     Earth                        5
Comestibles
 c - 4 chunks of flesh
 d - 2 bread rations
 g - 2 meat rations
 j - a royal jelly


   Skills:
 + Level 4.4 Short Blades
 - Level 2.4 Dodging
 + Level 4.9 Stealth
 - Level 4.0 Spellcasting
 - Level 4.0 Transmutations
 - Level 4.0 Earth Magic


You had 7 spell levels left.
You knew the following spells:

 Your Spells              Type           Power        Failure   Level  Hunger
e - Petrify               Tmut/Erth      ###.....     28%         4    ####...
f - Sandblast             Erth           ###...       2%          1    None
v - Passwall              Tmut/Erth      ###.......   4%          2    ##.....


Dungeon Overview and Level Annotations

Branches:
Dungeon (5/15)
 Temple: D:4-7

Altars:
Hepliaklqana

Annotations:
D:1 Ijyb


Message History

You feel very mighty all of a sudden. The bullfrog zombie hits you.
* * * LOW HITPOINT WARNING * * *
Unknown command.
You hit the bullfrog zombie.
The bullfrog zombie is moderately damaged.
The bullfrog zombie misses you.
Unknown command.
You puncture the bullfrog zombie!
The bullfrog zombie is heavily damaged.
The bullfrog zombie barely misses you.
Unknown command.
You puncture the bullfrog zombie!
The bullfrog zombie is almost destroyed.
The bullfrog zombie barely misses you.
Unknown command.
You barely miss the bullfrog zombie.
The bullfrog zombie is almost destroyed.
The bullfrog zombie hits you.
You die...

.######.##...Z.## ##
#.###.##..## ..#
#.###..# .### #.# ##.#
.# ..# #.# .. .## #.# ..
#. #Z# .. #Z# #@#####
#.....# ##....# #.....#
#.....#.# .####
#####.....#.# ..
.....####....)#####.# ..
.............##
##.####### #.
#.....###..####........#


You could see a bullfrog zombie and a giant cockroach zombie.

Vanquished Creatures
  2 ogres
  A centaur (D:5)
  A howler monkey (D:4)
  A hound (D:4)
  A jelly (D:4)
  A centaur skeleton (D:4)
  Robin (D:3)
  6 adders
  2 oozes
  2 worms (D:4)
  2 dart slugs
  A leopard gecko (D:3)
  2 orcs
  6 giant cockroaches
  17 goblins
  8 hobgoblins
  6 jackals
  2 quokkas
  2 bats
  A frilled lizard (D:4)
  5 kobolds
  A quokka skeleton (D:4)
  A rat (D:1)
72 creatures vanquished.

Notes
Turn   | Place    | Note
-------+----------+-------------------------------------------
     0 | D:1      | Amnesiac the Deep Elf Earth Elementalist began the quest for the Orb.
     0 | D:1      | Reached XP level 1. HP: 10/10 MP: 6/6
   298 | D:2      | Noticed Ijyb
   376 | D:2      | Reached XP level 2. HP: 4/15 MP: 4/8
   824 | D:2      | Reached XP level 3. HP: 19/19 MP: 3/10
   833 | D:2      | Learned a level 2 spell: Passwall
   926 | D:3      | Noticed Robin
  1319 | D:3      | Killed Robin
  1319 | D:3      | Reached XP level 4. HP: 21/24 MP: 9/12
  1378 | D:3      | Learned a level 4 spell: Petrify
  1433 | D:3      | Found a hazy altar of Hepliaklqana.
  1774 | D:4      | Reached skill level 1 in Short Blades
  1774 | D:4      | Reached XP level 5. HP: 24/28 MP: 1/13
  1992 | D:4      | Noticed an ogre
  2717 | D:4      | Killed an ogre
  2717 | D:4      | Reached XP level 6. HP: 32/32 MP: 10/14
  3000 | D:5      | Entered Level 5 of the Dungeon
  3118 | D:5      | Reached XP level 7. HP: 32/36 MP: 4/15
  3332 | D:5      | Slain by a bullfrog zombie

Vault maps used:
D:1:      ncdulo_watergridlock, corner_web_ring
D:2:      kennysheep_the_goblin_king
D:3:      nicolae_overflow_crystal_walls, grunt_ministairs_8, uniq_robin
D:5:      first_bread, kennysheep_small_square

Skill      XL: |  1  2  3  4  5  6 |
---------------+-------------------+-----
Spellcasting   | 4 |  4.0
Earth Magic    | 4 |  4.0
Transmutations | 2 4 |  4.0
Short Blades   | 1 3 4 |  4.4
Stealth        | 3 4 |  4.9
Dodging        | |  2.4

Action                   |  1- 3 |  4- 6 |  7- 9 || total
-------------------------+-------+-------+-------++-------
Melee: Dagger            |       |    86 |    41 ||   127
 Cast: Sandblast         |    56 |     5 |       ||    61
       Petrify           |       |    21 |     4 ||    25
       Passwall          |       |     1 |       ||     1
  Use: Potion            |       |     2 |     3 ||     5
 Stab: Petrified         |       |    17 |       ||    17
       Sleeping          |       |     3 |       ||     3
       Petrifying        |       |     2 |       ||     2
  Eat: Chunk             |       |     7 |     1 ||     8
       Bread ration      |       |     1 |       ||     1
Armor: Robe              |     3 |       |       ||     3
       Animal skin       |       |    11 |    23 ||    34
Dodge: Dodged            |    18 |    50 |    49 ||   117
